Map: Ephemeron LE

Players

TIME (Oliveira)

  • Race: Terran Terran
  • Spawn Location: 11:00

Neeb - Winner!

  • Race: Protoss Protoss
  • Spawn Location: 5:00

VOD

Have the link to the VOD?

Description

Time

  • Played on: Sept. 8, 2019, 11:40 a.m.
  • Length: 14:03
Show
View Real Time Build Order
Export as new Build Order

TIME Terran 

Build Orders: Gas First Reaper Expand 

Get SALT Encoding   

  12  0:00  SCV  
  13  0:13  SCV  
  14  0:17  Supply Depot  
  14  0:25  SCV  
  15  0:32  Refinery  
  15  0:38  SCV  
  16  0:44  Barracks  
  16  0:50  SCV  
  17  1:02  SCV  
  18  1:15  SCV  
  19  1:31  Orbital Command, Reaper  
  20  1:44  Command Center  
  20  1:55  Factory  
  20  1:59  SCV  
  21  2:06  Refinery  
  21  2:10  Barracks Reactor  
  21  2:11  SCV  
  22  2:16  Supply Depot  
  22  2:23  SCV  
  23  2:37  SCV  
  23  2:41  Starport  
  24  2:50  SCV, Hellion x2  
  29  2:53  Marine  
  30  2:59  Orbital Command  
  30  3:03  SCV  
  31  3:11  Widow Mine x2  
  35  3:17  Barracks Tech Lab  
  35  3:20  SCV  
  35  3:21  Medivac  
  35  3:24  SCV  
  39  3:29  Supply Depot  
  39  3:33  Widow Mine  
  41  3:35  Widow Mine  
  41  3:37  SCV  
  41  3:40  SCV  
  45  3:49  SCV  
  45  3:51  Bunker  
  45  3:52  SCV  
  47  4:00  Marine x2  
  47  4:01  Starport Tech Lab, SCV  
  50  4:03  Supply Depot, Siege Tank  
  50  4:05  SCV  
  54  4:24  SCV x2, Marine x2  
  54  4:25  Supply Depot, Raven  
  54  4:28  Supply Depot  
  60  4:42  Marine x2  
  58  4:47  SCV x2  
  58  4:50  Command Center  
  58  4:52  Siege Tank  
  57  5:00  Marine x2  
  57  5:01  SCV  
  57  5:05  SCV  
  58  5:07  Orbital Command  
  58  5:13  Barracks  
  55  5:14  Barracks  
  55  5:15  SCV  
  55  5:17  Marine x2  
  55  5:20  SCV  
  59  5:27  Siege Tank  
  62  5:32  SCV  
  62  5:33  SCV  
  62  5:40  Marine  
  63  5:42  Engineering Bay x2  
  63  5:44  SCV  
  63  5:46  Refinery  
  63  5:47  Refinery  
  63  5:50  SCV  
  63  5:54  Marine  
  61  6:00  Viking  
  61  6:03  SCV  
  63  6:04  Marine  
  65  6:12  Missile Turret  
  65  6:15  Orbital Command  
  65  6:20  Missile Turret  
  65  6:23  SCV  
  62  6:26  Terran Infantry Weapons Level 1  
  62  6:28  SCV  
  62  6:32  Marine  
  64  6:36  Stimpack  
  64  6:40  SCV  
  64  6:43  Factory Reactor, Starport Reactor  
  64  6:45  SCV  
  66  6:47  Orbital Command  
  66  6:50  Marine  
  66  6:52  Combat Shield  
  66  6:53  SCV  
  68  6:56  Marine x2  
  68  6:57  SCV, Marine  
  72  7:05  SCV  
  72  7:08  Marine  
  73  7:09  SCV  
  71  7:25  Marine  
  71  7:26  Marauder  
  71  7:27  SCV x2  
  71  7:28  SCV  
  73  7:30  Widow Mine x2  
  73  7:32  Barracks x2  
  72  7:41  Marine  
  72  7:42  SCV  
  74  7:46  Medivac x2  
  74  7:47  SCV x2  
  74  7:49  Supply Depot  
  80  7:52  Supply Depot  
  80  7:53  Marine  
  80  7:54  Marauder, SCV  
  80  7:56  Marauder  
  86  7:59  SCV x2  
  86  8:00  Widow Mine x2  
  86  8:04  Marine  
  93  8:10  SCV  
  93  8:11  Missile Turret, SCV x2  
  93  8:12  Supply Depot, Concussive Shells  
  95  8:16  Liberator x2  
  92  8:23  Marine, SCV x2  
  92  8:24  Marauder, Marine  
  92  8:25  Barracks Tech Lab, Barracks Reactor  
  94  8:27  Widow Mine x2  
  94  8:28  SCV  
  104  8:35  SCV x2  
  104  8:36  Supply Depot  
  104  8:40  SCV  
  105  8:44  Marauder, Marine  
  105  8:47  SCV  
  109  8:50  Armory, Marine  
  109  8:55  Marauder, Marine  
  113  8:58  Widow Mine x2  
  113  8:59  SCV  
  113  9:02  Supply Depot, SCV, Marine  
  120  9:04  Marine  
  120  9:07  Marine x2  
  123  9:15  Marine  
  123  9:16  Marine  
  125  9:20  Refinery  
  125  9:21  Refinery  
  125  9:23  Viking  
  125  9:24  Marauder  
  129  9:27  SCV x2  
  129  9:30  Marine x2  
  132  9:35  Marauder  
  132  9:37  Marine  
  133  9:39  Starport  
  133  9:41  Marauder  
  133  9:43  SCV  
  133  9:46  Marine  
  133  9:49  Viking  
  133  9:52  Marine x2  
  133  9:55  SCV  
  133  9:57  Marauder  
  124  10:08  Marine  
  124  10:09  Marauder, Marine  
  124  10:10  Liberator x2  
  120  10:16  SCV  
  120  10:19  Marauder, Marine x2  
  105  10:22  Terran Infantry Weapons Level 2, Terran Infantry Armor Level 1  
  105  10:23  Ghost Academy, Marine, SCV  
  105  10:26  Marine x2  
  105  10:28  Liberator  
  115  10:29  SCV x2  
  115  10:32  Liberator  
  115  10:35  SCV  
  118  10:38  Marine x2  
  122  10:43  Supply Depot  
  122  10:45  Supply Depot  
  122  10:49  Marine x2  
  127  10:56  Marine  
  131  11:03  Enhanced Shockwaves  
  133  11:07  Supply Depot, Missile Turret  
  133  11:08  Supply Depot  
  133  11:10  Marine x2  
  135  11:11  Marine  
  135  11:14  Ghost x3  
  135  11:16  Marine  
  139  11:20  Liberator, Viking  
  139  11:22  Viking  
  143  11:29  Medivac, Marine  
  143  11:30  Supply Depot  
  143  11:31  Supply Depot  
  146  11:32  Marine  
  146  11:33  Marine  
  151  11:41  Liberator  
  151  11:44  Marauder  
  157  11:47  Marauder x2  
  156  11:54  Liberator, Marine x2  
  156  11:55  Command Center, Marine  
  156  11:56  Supply Depot  
  162  12:02  Terran Ship Weapons Level 1  
  162  12:04  Marine  
  163  12:09  SCV  
  163  12:13  Marauder, Marine  
  170  12:19  Supply Depot, Marauder  
  170  12:21  Liberator  
  172  12:27  Marauder, Marine  
  172  12:29  Marine x2  
  176  12:33  Marine  
  176  12:35  Marauder  
  179  12:40  Liberator x2  
  179  12:42  Supply Depot  
  182  12:44  Supply Depot  
  181  12:52  Liberator  
  181  12:56  Marine  
  181  12:57  Marauder, Marine  
  174  13:08  Marine x2  
  174  13:09  Marauder x2  
  145  13:14  Marine x2  
  145  13:18  Marauder  
  131  13:26  Marine  
  113  13:27  Marine  
  113  13:30  Marine  
  113  13:31  Marauder  
  115  13:36  Marine  
  115  13:39  Marine  
  115  13:40  Marauder  
Show
View Real Time Build Order
Export as new Build Order

Neeb Protoss - Winner!

Build Orders: 1 Gate Expand, Archon Immortal, Dark Templar Rush 

Get SALT Encoding   

  12  0:00  Probe  
  13  0:12  Probe  
  14  0:17  Pylon  
  14  0:24  Probe  
  15  0:32  Probe  
  15  0:40  Gateway, Probe  
  16  0:46  Assimilator  
  17  0:51  Probe  
  18  1:03  Probe  
  19  1:15  Probe  
  20  1:22  Nexus  
  20  1:34  Cybernetics Core  
  20  1:36  Probe  
  21  1:47  Assimilator  
  21  1:48  Probe  
  21  1:52  Pylon  
  22  2:01  Probe, Stalker  
  23  2:12  Warp Gate  
  23  2:13  Probe  
  26  2:24  Adept  
  26  2:25  Probe  
  26  2:28  Twilight Council  
  27  2:33  Probe  
  30  2:37  Pylon  
  30  2:40  Probe  
  30  2:41  Probe  
  31  2:49  Probe  
  32  2:52  Probe  
  32  2:53  Adept  
  36  3:01  Probe  
  36  3:04  Probe  
  38  3:10  Dark Shrine  
  38  3:13  Probe  
  38  3:19  Gateway  
  39  3:21  Gateway  
  39  3:23  Probe  
  40  3:27  Probe  
  40  3:33  Robotics Facility  
  41  3:35  Probe  
  41  3:40  Probe  
  43  3:47  Pylon, Probe, Assimilator  
  44  3:51  Assimilator  
  44  3:52  Probe  
  45  3:57  Pylon  
  45  4:00  Probe, Stalker  
  48  4:04  Probe  
  49  4:12  Probe  
  49  4:16  Probe  
  51  4:24  Warp Prism  
  51  4:25  Dark Templar  
  51  4:26  Dark Templar  
  51  4:28  Probe  
  51  4:30  Pylon, Probe  
  57  4:40  Probe  
  57  4:42  Probe  
  57  4:47  Stalker  
  57  4:52  Probe  
  60  4:54  Probe  
  60  4:59  Dark Templar  
  60  5:04  Probe  
  61  5:12  Nexus  
  59  5:16  Probe, Dark Templar  
  59  5:19  Probe  
  63  5:28  Probe  
  63  5:31  Probe  
  64  5:37  Sentry  
  64  5:40  Probe  
  67  5:43  Probe, Charge  
  67  5:45  Forge  
  67  5:47  Forge  
  68  5:52  Probe  
  68  5:55  Adept  
  68  5:56  Probe, Adept  
  74  6:04  Probe  
  74  6:05  Immortal  
  74  6:06  Protoss Ground Weapons Level 1  
  74  6:09  Probe  
  76  6:13  Pylon  
  76  6:14  Pylon  
  76  6:16  Protoss Ground Armor Level 1  
  78  6:23  Probe x2  
  78  6:25  Probe  
  78  6:30  Pylon  
  78  6:31  Probe x2  
  79  6:33  Probe  
  79  6:35  Robotics Facility  
  79  6:38  Sentry x2  
  79  6:39  Probe  
  86  6:41  Immortal  
  93  6:52  Stalker  
  87  6:57  Gateway  
  87  6:59  Gateway  
  87  7:01  Gateway  
  87  7:03  Stalker x2  
  91  7:09  Probe x3  
  94  7:18  Zealot  
  94  7:22  Immortal  
  88  7:26  Probe  
  89  7:36  Blink  
  86  7:41  Stalker x3  
  93  7:45  Assimilator x2  
  91  7:51  Gateway  
  91  7:52  Photon Cannon  
  91  7:53  Gateway  
  91  7:55  Warp Prism, Pylon, Dark Templar  
  91  7:57  Dark Templar  
  95  7:58  Pylon  
  95  8:03  Pylon  
  97  8:06  Probe  
  97  8:08  Zealot x4  
  106  8:16  Pylon  
  106  8:19  Pylon  
  106  8:26  Protoss Ground Weapons Level 2, Nexus  
  104  8:31  Zealot, Dark Templar x2  
  104  8:32  Zealot x2  
  114  8:34  Protoss Ground Armor Level 2  
  114  8:40  Immortal  
  114  8:42  Archon  
  114  8:48  Templar Archives  
  118  9:04  Stalker x3  
  118  9:05  Zealot x2  
  128  9:16  Zealot x3  
  134  9:22  Immortal  
  138  9:26  Probe x2  
  141  9:36  Dark Templar  
  141  9:37  Dark Templar  
  144  9:40  Zealot x5  
  144  9:44  Archon  
  150  9:53  Dark Templar  
  150  9:56  Pylon  
  150  10:04  Stalker  
  150  10:05  Stalker x4  
  152  10:11  Psionic Storm  
  142  10:14  Probe  
  142  10:15  Immortal  
  130  10:27  Sentry, Stalker x2  
  135  10:42  Nexus  
  135  10:45  Sentry  
  135  10:46  High Templar  
  135  10:47  High Templar  
  135  10:48  Zealot x2  
  135  10:49  Pylon  
  145  10:51  Pylon  
  145  10:54  Observer, Protoss Ground Armor Level 3  
  146  11:04  Pylon  
  146  11:05  High Templar, Assimilator  
  146  11:08  High Templar  
  146  11:09  Assimilator  
  150  11:14  Pylon  
  150  11:15  Warp Prism  
  152  11:19  Gateway  
  152  11:20  Zealot x6  
  152  11:21  Gateway  
  164  11:37  Immortal  
  168  11:48  Observer  
  167  11:54  Pylon  
  167  11:55  Pylon  
  167  11:57  Pylon  
  167  11:58  Robotics Bay  
  167  12:01  High Templar  
  167  12:03  High Templar  
  171  12:09  Immortal  
  171  12:11  Stalker x3  
  171  12:13  Immortal  
  185  12:26  Stalker x2  
  189  12:33  Stalker x3  
  193  12:48  Nexus  
  193  12:56  Colossus  
  193  13:08  Archon  
  149  13:13  Zealot  
  149  13:14  Zealot x6  
  149  13:18  Zealot x3  
  147  13:24  Probe x2  
  142  13:31  Probe  
  142  13:34  Stalker x2  
  142  13:38  Probe  
  147  13:41  Probe  
Tags
 
Add a new tag
Caveats
  • Supply blocks, unpowered buildings, or Contaminate may cause inaccurate times.
  • Supply counts are checked every 10 seconds.